 Dungeon Crawl Stone Soup version 0.26-a0-818-g75db068ed4 (webtiles) character file.

Game seed: 2843768473070636874

16 jasper the Magician (level 2, 0/21 HPs)
             Began as a Palentonga Hedge Wizard on Nov 15, 2020.
             Slain by an adder (1 damage)
             ... on level 2 of the Dungeon.
             The game lasted 00:01:09 (1223 turns).

jasper the Magician (Palentonga Hedge Wizard)       Turns: 1223, Time: 00:01:10

Health: 0/21       AC:  4    Str: 13    XL:     2   Next: 41%
Magic:  6/6        EV:  9    Int: 14    God:
Gold:   66         SH:  2    Dex:  9    Spells: 6/7 levels left

rFire    . . .     SeeInvis +   e - +0 hunting sling
rCold    . . .     Faith    .   m - +0 buckler
rNeg     . . .     Spirit   .   b - +0 robe
rPois    .         Reflect  .   c - +0 hat
rElec    .         Harm     .   (no cloak)
rCorr    .         Rampage  .   (no gloves)
MR       .....                  (no barding)
Stlth    +.........             (no amulet)
HPRegen  0.07/turn              (no ring)
MPRegen  0.10/turn              (no ring)

@: lethally poisoned (0 -> -10)
A: large, rugged brown scales 3, see invisible, deformed body, roll 1, armoured
tail
a: Rolling Charge


You were on level 2 of the Dungeon.
You visited 1 branch of the dungeon, and saw 2 of its levels.

You collected 66 gold pieces.

Inventory:

Hand Weapons
 a - a +0 dagger
 e - a +0 hunting sling (weapon)
Missiles
 f - 18 stones (quivered)
 j - 61 bolts
Armour
 b - a +0 robe (worn)
 c - a +0 hat (worn)
 m - a +0 buckler (worn)
Jewellery
 l - an uncursed ring of wizardry {unknown}
Scrolls
 g - a scroll of identify {unknown}
 k - a scroll of amnesia {unknown}
Potions
 d - 2 potions of magic {unknown}
 h - 2 potions of curing {unknown}
 i - a potion of brilliance {unknown}


   Skills:
 - Level 1.5 Dodging
 - Level 1.2 Stealth
 * Level 2.1 Unarmed Combat
 - Level 3.0 Spellcasting
 - Level 0.8 Conjurations
   Level 0.7 Summonings
   Level 1.0 Translocations


You had 6 spell levels left.
You knew the following spells:

 Your Spells              Type           Power        Failure   Level
a - Magic Dart            Conj           #...         26%         1

Your spell library contained the following spells:

 Spells                   Type           Power        Failure   Level
 Blink                    Tloc           N/A          34%         2
 Call Imp                 Summ           #.......     38%         2
 Slow                     Hex            #.......     47%         2
 Conjure Flame            Conj/Fire      #.......     65%         3
 Mephitic Cloud           Conj/Pois/Air  #.......     67%         3


Dungeon Overview and Level Annotations

Branches:
Dungeon (2/15)

Altars:


Innate Abilities, Weirdness & Mutations

You are completely covered in rugged brown scales. (AC +3, +7% HP)
You have supernaturally acute eyesight. (SInv)
Armour fits poorly on your strangely shaped body.
You can roll at nearby foes to attack.
You have a long armoured tail.


Message History

Aim: an adder You shoot a stone.
The stone barely misses the adder.
You feel sick. The adder bites you.
You take 2 damage, and have 9/21 hp.
Firing (i - inventory)
f - 20 stones (quivered)
Press: ? - help, Shift-Dir - straight line, f/p - adder
Aim: an adder You shoot a stone.
The stone barely misses the adder.
You feel sick. The adder bites you. x2
* * * LOW HITPOINT WARNING * * *
You are more poisoned.
The adder poisons you!
You take 7 damage, and have 2/21 hp.
MASSIVE DAMAGE!!
Firing (i - inventory)
f - 19 stones (quivered)
Press: ? - help, Shift-Dir - straight line, f/p - adder
Aim: an adder You shoot a stone.
The stone misses the adder.
* * * LOW HITPOINT WARNING * * *
You feel sick. The adder barely misses you. The adder bites you.
You die...

######
#..!.####
#(..S@#
#..##.#
#..##...
....####.#
...S## .#
..#... # #
####


You could see an adder.

Vanquished Creatures
  A dart slug (D:1)
  A hobgoblin (D:1)
  4 bats (D:1)
  A frilled lizard (D:2)
  3 goblins (D:1)
  A kobold (D:1)
  4 rats (D:1)
15 creatures vanquished.

Notes
Turn   | Place    | Note
-------+----------+-------------------------------------------
     0 | D:1      | jasper the Palentonga Hedge Wizard began the quest for the
                  | Orb.
     0 | D:1      | Reached XP level 1. HP: 14/14 MP: 4/4
   458 | D:1      | Reached skill level 1 in Unarmed Combat
   601 | D:1      | Reached XP level 2. HP: 21/21 MP: 6/6
  1223 | D:2      | HP: 1/21 [poisoned by an adder]
  1223 | D:2      | Slain by an adder

Illustrated notes

Levels and vault maps discovered:
D:1:      dpeg_arrival_subterranean_lakeside_camping, layout_basic
D:2:      layout_basic

Skill      XL: |  1  2 |
---------------+-------+-----
Unarmed Combat | 1 2 |  2.1
Dodging        | |  1.5
Stealth        | |  1.2
Spellcasting   | |  3.0
Conjurations   | |  0.8
Summonings     | |  0.7
Translocations | |  1.0

Action                   || total
-------------------------++-------
 Fire: Hunting sling     ||    45
 Cast: Magic Dart        ||     2
Armor: Robe              ||     3
Dodge: Dodged            ||    19

Table legend: (Time is in decaauts)
 A = Elapsed time spent in this place.
 B = Non-inter-level travel time spent in this place.
 C = Inter-level travel time spent in this place.
 D = Time resting spent in this place.
 E = Time spent auto-exploring this place.
 F = Levels seen in this place.
 G = Mean time per level.
                   A        B        C        D        E       F      G
               +--------+--------+--------+--------+--------+-----+--------+
         Total |   1232 |   1146 |     86 |      0 |   1032 |   2 |  616.0 |
       Dungeon |   1232 |   1146 |     86 |      0 |   1032 |   2 |  616.0 |
               +--------+--------+--------+--------+--------+-----+--------+

Top non-repeatable levels by time:
     D:1: 1214 daAuts
     D:2: 17 daAuts
